 Dungeon Crawl Stone Soup version 0.30-a0-161-gdd60e06945 (webtiles) character file.

Game seed: 3656854382755977668

3049 qw the Cleaver (level 9, -11/57 HPs)
             Began as a Gargoyle Fighter on Sept 27, 2022.
             Was a Believer of Okawaru.
             Mangled by Joseph
             ... wielding a +0 quarterstaff of speed
              (15 damage)
             ... on level 7 of the Dungeon.
             The game lasted 00:02:27 (8184 turns).

qw the Cleaver (Gargoyle Fighter)                   Turns: 8184, Time: 00:02:27

Health: -11/57     AC: 25    Str: 25    XL:     9   Next: 87%
Magic:  12/12      EV: 11    Int:  8    God:    Okawaru [**....]
Gold:   330        SH:  4    Dex:  9    Spells: 8/8 levels left

rFire   . . .      SeeInvis .    Y - +0 war axe (vamp)
rCold   . . .      Faith    .    c - +0 buckler
rNeg    + + +      Spirit   .    g - +0 plate armour
rPois   inf        Reflect  .    (no helmet)
rElec   +          Harm     .    n - +0 cloak
rCorr   +          Rampage  .    p - +4 pair of gloves of Qatwuwap {*Corrode rPois rN++}
Will    .....                    (no boots)
Stlth   ..........               (no amulet)
HPRegen 0.19/turn                m - ring of resist corrosion
MPRegen 0.13/turn                b - +4 ring of evasion

@: no status effects
A: sickness immunity, AC +6, negative energy resistance 1, electricity
resistance, torment resistance 1, petrification resistance
a: Renounce Religion, Heroism


You were on level 7 of the Dungeon.
You worshipped Okawaru.
Okawaru was pleased with you.
You visited 2 branches of the dungeon, and saw 8 of its levels.

You collected 402 gold pieces.
You spent 72 gold pieces at shops.


Innate Abilities, Weirdness & Mutations

You are immune to sickness and miasma.
Your stone body is resilient. (AC +6)
You are immune to poison.
You resist negative energy. (rN+)
You are resistant to electric shocks. (rElec)
You are resistant to unholy torment.
You are immune to petrification.


   Skills:
 - Level 7.0 Fighting
 + Level 9.3 Axes
 - Level 1.0 Throwing
 - Level 6.0 Armour
 - Level 1.1 Dodging
 - Level 4.3 Shields
 - Level 4.0 Invocations


You had 8 spell levels left.
You didn't know any spells.
Your spell library was empty.

Inventory:

Hand Weapons
 j - a +0 flail
 Y - a +0 vampiric war axe (weapon)
Armour
 c - a +0 buckler (worn)
 g - a +0 plate armour (worn)
 n - a +0 cloak (worn)
 p - the +4 pair of gloves of Qatwuwap (worn) {*Corrode rPois rN++}
   (You found it on level 3 of the Dungeon)

   rPois:     It protects you from poison.
   rN:        It greatly protects you from negative energy.
   *Corrode:  It may corrode you when you take damage.
Jewellery
 b - a +4 ring of evasion (right hand)
 m - a ring of resist corrosion (left hand)
 s - a ring of willpower
Scrolls
 a - a scroll of identify
 r - a scroll of teleportation
 t - a scroll of vulnerability {unknown}
Potions
 d - a potion of might
 e - a potion of lignification
 f - a potion of heal wounds
 h - 2 potions of mutation
 i - 2 potions of attraction
 k - 2 potions of resistance
 l - a potion of magic {unknown}
 o - 5 potions of curing
 q - a potion of berserk rage {unknown}

Dungeon Overview and Level Annotations

Branches:
Dungeon (7/15)             Temple (1/1) D:5

Altars:
Ashenzari
Cheibriados
Dithmenos
Elyvilon
Fedhas
Hepliaklqana
Kikubaaqudgha
Makhleb
Nemelex Xobeh
Okawaru
Qazlal
Ru
Uskayaw
Wu Jian
Xom
Zin

Shops:
D:1 :   D:3 *

Annotations:
D:5 1 runed translucent door, Crazy Yiuf
D:7 Joseph


Message History

Something hits you but does no damage.
You miss something.
Something hits you but does no damage. x2
You barely miss something. Something hits you.
You hit something.
You feel better. Something hits you! Something hits you but does no damage.
You closely miss something. Something hits you.
You slash something!
You feel better. Something hits you. Something hits you!
You hit something.
You feel better. Something hits you. Something completely misses you.
You hit something but do no damage. Something hits you but does no damage.
You slash something!
You feel better.
Something hits you but does no damage. x2
You miss something. Something hits you but does no damage.
You hit something. Something hits you. Something hits you!
You barely miss something. Something hits you.
You barely miss something. Something hits you. x2
You slash something!
You feel better. Something hits you but does no damage.
You hit something but do no damage.
Something hits you but does no damage. x2
You barely miss something.
Something hits you but does no damage. x2
You closely miss something. Something hits you but does no damage.
You closely miss something. Something hits you but does no damage.
Something hits you!
You closely miss something. Something hits you but does no damage.
You miss something. Something hits you but does no damage. Something hits you!
You die...

##.#..# #.#
######.## ##...#.#
#.# #.#
##......###.## #.#
#............#
##.##
#........##..#
#...#
#........#...#
#....
##.......#.#.#
#...#
##..........#
###.. ####..##@###
### #..##{##### ##
####.........# #~
#........###.#
####~ #.##..##.#
#.# #..'. #.. #.#
#.# ##..'. #. #<#
#.# ##..##~ #.
#.###.######..###~
#.
#.......##...#####


There were no monsters in sight!

Vanquished Creatures
  Maggie (D:6)
  Prince Ribbit (D:7)
  Menkaure (D:5)
  Duvessa (D:6)
  3 black bears
  3 sky beasts
  2 ogres
  3 ice beasts
  2 centaurs (D:5)
  A phantom (D:6)
  3 scorpions
  A gnoll sergeant (D:4)
  Dowan (D:6)
  6 killer bees (D:7)
  2 howler monkeys (D:7)
  4 hounds
  3 orc priests
  2 jellies
  3 orc wizards
  7 adders
  3 gnolls
  A shadow imp (D:7)
  A white imp (D:7)
  An ufetubus (D:3)
  4 worms
  4 dart slugs
  9 orcs
  5 ball pythons
  7 endoplasms
  A giant cockroach (D:3)
  9 goblins
  2 hobgoblins (D:4)
  5 jackals
  2 quokkas
  4 bats
  2 frilled lizards
  8 kobolds
  4 rats
122 creatures vanquished.

Notes
Turn   | Place    | Note
-------+----------+-------------------------------------------
     0 | D:1      | qw the Gargoyle Fighter began the quest for the Orb.
     0 | D:1      | Reached XP level 1. HP: 14/14 MP: 1/1
     0 | D:1      | 0 ||| qw: Version: 0.2-a-10-g37ed214
     0 | D:1      | 0 ||| qw: Game counter: 690
     0 | D:1      | 0 ||| qw: Always use a shield: true
     0 | D:1      | 0 ||| qw: God list: Okawaru
     0 | D:1      | 0 ||| qw: Allow faded altars: false
     0 | D:1      | 0 ||| qw: Do Orc after D:15 true
     0 | D:1      | 0 ||| qw: Do second Lair branch before Depths: true
     0 | D:1      | 0 ||| qw: Lair rune preference: random
     0 | D:1      | 0 ||| qw: Plans: Normal, Zot:1-4, God:TSO, Crypt, Tomb,
                  | Pan, Slime:5, Hells, Abyss, Orb
     0 | D:1      | 0 ||| PLANNING D:1-11
    60 | D:1      | HP: 2/14 [frozen (5)]
    62 | D:1      | Reached skill level 2 in Axes
   645 | D:1      | Reached XP level 2. HP: 17/19 MP: 2/2
   688 | D:1      | Found Ajycoogh's Book Boutique.
   876 | D:1      | Found a faded altar of an unknown god.
  1270 | D:1      | 1270 ||| UPGRADING to +0 cloak.
  1275 | D:1      | 1275 ||| UPGRADING to ring of resist corrosion.
  1276 | D:1      | 1276 ||| READING 2 scrolls labelled QUF HIONAQ.
  1277 | D:1      | 1277 ||| READING 2 scrolls labelled RATAUP XOWERCHUNAU.
  1278 | D:1      | 1278 ||| READING scroll labelled USSEN MOAPN.
  1279 | D:1      | 1279 ||| DROPPING scroll of poison.
  1331 | D:2      | 1331 ||| STAIRDANCE
  1573 | D:2      | Reached skill level 3 in Axes
  1651 | D:2      | Reached XP level 3. HP: 23/23 MP: 3/3
  2427 | D:2      | 2427 ||| READING 3 scrolls of identify.
  2427 | D:2      | 2427 ||| IDENTIFYING murky amethyst potion
  2428 | D:2      | 2428 ||| READING 2 scrolls of identify.
  2428 | D:2      | 2428 ||| IDENTIFYING lumpy puce potion
  2429 | D:2      | 2429 ||| DROPPING potion of ambrosia.
  2507 | D:3      | 2507 ||| Stepping ~*~*~tactically~*~*~ (hiding).
  2646 | D:3      | 2646 ||| Stepping ~*~*~tactically~*~*~ (stealth).
  2647 | D:3      | 2647 ||| Stepping ~*~*~tactically~*~*~ (stealth).
  2665 | D:3      | Reached XP level 4. HP: 28/28 MP: 4/4
  2684 | D:3      | 2684 ||| DROPPING +0 whip.
  2698 | D:3      | Reached skill level 1 in Throwing
  2698 | D:3      | 2698 ||| Stepping ~*~*~tactically~*~*~ (stealth).
  2712 | D:3      | 2712 ||| Stepping ~*~*~tactically~*~*~ (stealth).
  2735 | D:3      | 2735 ||| Stepping ~*~*~tactically~*~*~ (stealth).
  2736 | D:3      | 2736 ||| Stepping ~*~*~tactically~*~*~ (stealth).
  2743 | D:3      | 2743 ||| FLEEEEING.
  2744 | D:3      | 2744 ||| FLEEEEING.
  2745 | D:3      | 2745 ||| FLEEEEING.
  2746 | D:3      | 2746 ||| FLEEEEING.
  2747 | D:3      | 2747 ||| FLEEEEING.
  2748 | D:3      | 2748 ||| FLEEEEING.
  2749 | D:3      | 2749 ||| FLEEEEING.
  2750 | D:3      | 2750 ||| FLEEEEING.
  2751 | D:3      | 2751 ||| FLEEEEING.
  2752 | D:3      | 2752 ||| FLEEEEING.
  2753 | D:3      | 2753 ||| FLEEEEING.
  2754 | D:3      | 2754 ||| FLEEEEING.
  2755 | D:3      | 2755 ||| FLEEEEING.
  2760 | D:3      | 2760 ||| STAIRDANCE
  2791 | D:2      | 2791 ||| DROPPING ring of magical power.
  2792 | D:2      | 2792 ||| READING scroll labelled JOSTRE DIUTT.
  2793 | D:2      | 2793 ||| READING scroll labelled VILEAM TUTSI.
  2797 | D:2      | 2797 ||| READING scroll labelled FOENWI GEPRINK.
  2798 | D:2      | 2798 ||| READING 2 scrolls of identify.
  2798 | D:2      | 2798 ||| IDENTIFYING sapphire potion
  2871 | D:3      | Found Zoheynareh's Assorted Antiques.
  2873 | D:3      | Identified the +4 pair of gloves of Qatwuwap {*Corrode
                  | rPois rN++}
  2878 | D:3      | 2878 ||| BUYING clear potion (22 gold).
  2878 | D:3      | Bought a clear potion for 22 gold pieces
  2878 | D:3      | 2878 ||| SHOPLISTING potion of mutation (200 gold, have
                  | 53).
  2878 | D:3      | 2878 ||| SHOPLISTING runed war axe (162 gold, have 53).
  2878 | D:3      | 2878 ||| BUYING scroll labelled XORGHA ETWOURCH (25 gold).
  2878 | D:3      | Bought a scroll labelled XORGHA ETWOURCH for 25 gold pieces
  2878 | D:3      | 2878 ||| BUYING scroll labelled XORGHA ETWOURCH (25 gold).
  2878 | D:3      | Bought a scroll labelled XORGHA ETWOURCH for 25 gold pieces
  2878 | D:3      | 2878 ||| SHOPLISTING scroll of identify (50 gold, have 3).
  2878 | D:3      | 2878 ||| SHOPLISTING small tourmaline ring (125 gold, have
                  | 3).
  2911 | D:3      | 2911 ||| Stepping ~*~*~tactically~*~*~ (stealth).
  2952 | D:3      | 2952 ||| Stepping ~*~*~tactically~*~*~ (stealth).
  2965 | D:3      | 2965 ||| Stepping ~*~*~tactically~*~*~ (hiding).
  2967 | D:3      | 2967 ||| Stepping ~*~*~tactically~*~*~ (hiding).
  3080 | D:3      | 3080 ||| UPGRADING to +4 pair of gloves of Qatwuwap
                  | {*Corrode rPois rN++}.
  3085 | D:3      | 3085 ||| READING 2 scrolls labelled XORGHA ETWOURCH.
  3086 | D:3      | 3086 ||| READING scroll of brand weapon.
  3086 | D:3      | 3086 ||| BRANDING +0 war axe of electrocution.
  3087 | D:3      | 3087 ||| READING scroll labelled BUOXIJ TOZINAQI.
  3088 | D:3      | 3088 ||| READING 2 scrolls of identify.
  3088 | D:3      | 3088 ||| IDENTIFYING smoky yellow potion
  3111 | D:4      | Noticed an orc warrior
  3112 | D:4      | 3112 ||| STAIRDANCE
  3116 | D:3      | Reached skill level 4 in Axes
  3118 | D:4      | 3118 ||| STAIRDANCE
  3162 | D:4      | 3162 ||| STAIRDANCE
  3172 | D:3      | HP: 6/28 [orc warrior/+0 mace (9)]
  3173 | D:3      | 3173 ||| READING scroll of teleportation.
  3177 | D:3      | 3177 ||| STAIRDANCE
  3449 | D:4      | 3449 ||| STAIRDANCE
  3452 | D:3      | Reached XP level 5. HP: 32/32 MP: 5/5
  3707 | D:4      | Reached skill level 5 in Axes
  3789 | D:4      | Reached XP level 6. HP: 37/37 MP: 6/6
  3790 | D:4      | 3790 ||| Stepping ~*~*~tactically~*~*~ (stealth).
  3791 | D:4      | 3791 ||| Stepping ~*~*~tactically~*~*~ (stealth).
  3793 | D:4      | 3793 ||| Stepping ~*~*~tactically~*~*~ (hiding).
  3911 | D:4      | 3911 ||| Stepping ~*~*~tactically~*~*~ (stealth).
  3912 | D:4      | 3912 ||| Stepping ~*~*~tactically~*~*~ (stealth).
  4281 | D:4      | 4281 ||| Stepping ~*~*~tactically~*~*~ (hiding).
  4282 | D:4      | 4282 ||| Stepping ~*~*~tactically~*~*~ (hiding).
  4294 | D:4      | Reached skill level 1 in Dodging
  4695 | D:4      | Found a blossoming altar of Fedhas.
  4774 | D:4      | 4774 ||| UPGRADING to +0 plate armour.
  4784 | D:4      | 4784 ||| DROPPING +0 scale mail.
  4785 | D:4      | 4785 ||| READING 3 scrolls labelled TED NUAFOT.
  4786 | D:4      | 4786 ||| READING scroll labelled ZYUTIXT TEYSTRE.
  4787 | D:4      | 4787 ||| READING scroll labelled LAORIKKUUFF.
  4788 | D:4      | 4788 ||| DRINKING 2 black potions.
  4789 | D:4      | 4789 ||| DROPPING 2 scrolls of noise.
  4798 | D:5      | Entered Level 5 of the Dungeon
  4799 | D:5      | 4799 ||| STAIRDANCE
  4806 | D:4      | Reached XP level 7. HP: 32/44 MP: 7/7
  4891 | D:5      | 4891 ||| STAIRDANCE
  4902 | D:5      | Reached skill level 6 in Axes
  5023 | D:5      | Noticed Menkaure
  5031 | D:5      | HP: 4/44 [Menkaure (16)]
  5034 | D:5      | Killed Menkaure
  5436 | D:5      | 5436 ||| Stepping ~*~*~tactically~*~*~ (hiding).
  5437 | D:5      | 5437 ||| Stepping ~*~*~tactically~*~*~ (hiding).
  5438 | D:5      | 5438 ||| Stepping ~*~*~tactically~*~*~ (hiding).
  5447 | D:5      | Reached skill level 7 in Axes
  5447 | D:5      | Reached XP level 8. HP: 33/48 MP: 8/8
  5708 | D:5      | Found a staircase to the Ecumenical Temple.
  5709 | D:5      | 5709 ||| PLANNING TEMPLE
  5709 | D:5      | 5709 ||| UPGRADING to +4 ring of evasion.
  5719 | Temple   | Entered the Ecumenical Temple
  5758 | Temple   | 5758 ||| PLANNING OKAWARU WORSHIP
  5832 | Temple   | Became a worshipper of Warmaster Okawaru
  5833 | Temple   | 5833 ||| PLANNING D:1-11
  6158 | D:5      | 6158 ||| FLEEEEING.
  6159 | D:5      | 6159 ||| FLEEEEING.
  6162 | D:5      | 6162 ||| FLEEEEING.
  6163 | D:5      | 6163 ||| FLEEEEING.
  6166 | D:5      | 6166 ||| FLEEEEING.
  6167 | D:5      | 6167 ||| FLEEEEING.
  6168 | D:5      | 6168 ||| FLEEEEING.
  6169 | D:5      | 6169 ||| FLEEEEING.
  6170 | D:5      | 6170 ||| FLEEEEING.
  6171 | D:5      | 6171 ||| STAIRDANCE
  6240 | D:4      | 6240 ||| DRINKING 2 blue potions.
  6243 | D:5      | 6243 ||| STAIRDANCE
  6279 | D:5      | 6279 ||| STAIRDANCE
  6403 | D:5      | 6403 ||| READING scroll of brand weapon.
  6403 | D:5      | 6403 ||| BRANDING +0 war axe of freezing.
  6490 | D:5      | Found a runed translucent door.
  6491 | D:5      | Noticed Crazy Yiuf
  6807 | D:6      | Noticed Dowan
  6813 | D:6      | Killed Dowan
  6813 | D:6      | Noticed Duvessa
  6821 | D:6      | HP: 12/49 [Duvessa/+2 short sword of venom (7)]
  6822 | D:6      | 6822 ||| DRINKING potion of heal wounds.
  6831 | D:6      | Killed Duvessa
  6843 | D:6      | Noticed Maggie
  6844 | D:6      | 6844 ||| FLEEEEING.
  6845 | D:6      | 6845 ||| FLEEEEING.
  6865 | D:6      | Killed Maggie
  6866 | D:6      | Reached skill level 8 in Axes
  6920 | D:6      | 6920 ||| FLEEEEING.
  6921 | D:6      | 6921 ||| FLEEEEING.
  6922 | D:6      | 6922 ||| FLEEEEING.
  6923 | D:6      | 6923 ||| FLEEEEING.
  6924 | D:6      | 6924 ||| STAIRDANCE
  7179 | D:6      | Reached * piety under Okawaru
  7303 | D:6      | Reached skill level 1 in Invocations
  7303 | D:6      | Reached XP level 9. HP: 55/55 MP: 8/10
  7365 | D:6      | Reached skill level 6 in Fighting
  7467 | D:6      | 7467 ||| INVOKING Heroism.
  7483 | D:6      | Reached skill level 3 in Invocations
  7540 | D:6      | 7540 ||| INVOKING Heroism.
  7616 | D:6      | 7616 ||| READING 2 scrolls of identify.
  7616 | D:6      | 7616 ||| IDENTIFYING lumpy green potion
  7671 | D:7      | 7671 ||| Stepping ~*~*~tactically~*~*~ (hiding).
  7683 | D:7      | Reached skill level 9 in Axes
  7689 | D:7      | 7689 ||| Stepping ~*~*~tactically~*~*~ (stealth).
  7690 | D:7      | 7690 ||| Stepping ~*~*~tactically~*~*~ (stealth).
  7691 | D:7      | 7691 ||| INVOKING Heroism.
  7718 | D:7      | Reached ** piety under Okawaru
  7746 | D:7      | 7746 ||| Stepping ~*~*~tactically~*~*~ (stealth).
  7841 | D:7      | 7841 ||| INVOKING Heroism.
  7848 | D:7      | Reached skill level 6 in Armour
  7876 | D:7      | 7876 ||| INVOKING Heroism.
  8074 | D:7      | 8074 ||| Stepping ~*~*~tactically~*~*~ (hiding).
  8074 | D:7      | Noticed Prince Ribbit
  8075 | D:7      | 8075 ||| INVOKING Heroism.
  8078 | D:7      | Killed Prince Ribbit
  8155 | D:7      | Noticed Joseph
  8156 | D:7      | 8156 ||| Stepping ~*~*~tactically~*~*~ (hiding).
  8175 | D:7      | HP: 9/57 [something (11)]
  8177 | D:7      | HP: 4/57 [something (4)]
  8182 | D:7      | HP: 3/57 [something (10)]
  8184 | D:7      | Mangled by Joseph

Levels and vault maps discovered:
D:1:      dpeg_arrival_houses_and_road, layout_basic,
          hellmonk_ecumenical_altar_lost_god, serial_shops, shop_fountains,
          glass_columns_a
D:2:      layout_basic
D:3:      layout_rooms, serial_shops, shop
D:4:      layout_loops_corners, lemuel_coloured_pillars_altar,
          kennysheep_doodads
D:5:      layout_basic, minmay_temple_entry_ruins, grunt_ministairs_4,
          minmay_misc_feat_iff, uniq_crazy_yiuf_cottage, uniq_menkaure
D:6:      layout_cave_pools, uniq_duvessa, uniq_maggie
D:7:      layout_loops_ring, kennysheep_generic_room_15, uniq_prince_ribbit1,
          uniq_joseph
Temple:   regret_index_temple_waves

Skill      XL: |  1  2  3  4  5  6  7  8  9 |
---------------+----------------------------+-----
Axes           | 2 3 4 5 7 8 9 |  9.3
Throwing       | 1 |  1.0
Fighting       | 4 5 7 |  7.0
Dodging        | 1 |  1.1
Armour         | 4 5 6 |  6.0
Invocations    | 1 4 |  4.0
Shields        | 4 |  4.3

Action                   |  1- 3 |  4- 6 |  7- 9 || total
-------------------------+-------+-------+-------++-------
Melee: War axe           |    72 |    94 |   280 ||   446
Throw: Javelin           |    28 |    20 |     3 ||    51
       Boomerang         |       |    18 |       ||    18
Invok: Heroism           |       |       |     6 ||     6
  Use: Scroll            |     5 |    12 |     2 ||    19
       Potion            |       |     1 |     2 ||     3
Armor: Scale mail        |    30 |    53 |       ||    83
       Plate armour      |       |     5 |   212 ||   217
Dodge: Dodged            |    21 |    34 |   124 ||   179
Block: Buckler           |     3 |    10 |    57 ||    70

Table legend:
 A = Non-vault XP
 B = Vault XP
 C = Vault XP percentage of total XP
 D = Non-vault monster count
 E = Vault monster count
 F = Vault count percentage of total count
                 A         B        C        D         E       F
            +---------+---------+-------+---------+---------+-------
      Total |    3181 |    1176 |  27.0 |     112 |      10 |   8.2
            +---------+---------+-------+---------+---------+-------
        D:1 |      19 |       0 |   0.0 |      14 |       0 |   0.0
        D:2 |      28 |       0 |   0.0 |      12 |       0 |   0.0
        D:3 |     125 |       0 |   0.0 |      24 |       0 |   0.0
        D:4 |     380 |     124 |  24.6 |      24 |       4 |  14.3
        D:5 |     488 |     186 |  27.6 |      11 |       2 |  15.4
        D:6 |     990 |     598 |  37.7 |      12 |       3 |  20.0
        D:7 |    1151 |     268 |  18.9 |      15 |       1 |   6.2
            +---------+---------+-------+---------+---------+-------
